AoeStats
← EDGAR_MAGNO_29

Arabia

506232128Analyzed
1v1 RM · 18d ago on Sep 12, 2026· 30m 40s· 2 players
Game mode
Random Map
Map size
Tiny (2 player)
Population
200
Speed
Normal
Resources
Standard
Victory
Conquest
Starting age
Dark Age
Ending age
Imperial Age
RankedLock teamsTeams togetherTeam positionsShared explorationLock speedFull tech treeHidden civsTurbo modeCheats
Victory
Defeat
🇲🇽 Vietnamese · Mexico
1247
+18
🇦🇷 Vietnamese · Argentina
1287
-18
EDGAR_MAGNO_29
5:07 Loom
10:26 Feudal Age
12:13 Town Watch
16:06 Castle Age
14:33 Horse Collar
16:06 Double-Bit Axe
17:42 Bow Saw
18:58 Sanctity
30:13 Imperial Age
31:06 Wheelbarrow
EiM | ExeA
4:00 Loom
11:18 Feudal Age
12:06 Double-Bit Axe
21:30 Castle Age
20:05 Gold Mining
20:18 Padded Archer Armor
20:23 Fletching
21:29 Horse Collar
21:39 Crossbowman
22:19 Bodkin Arrow
23:38 Thumb Ring
25:18 Leather Archer Armor
26:16 Ballistics
30:42 Forging
30:37 Scale Barding Armor
Connection lost

Rejoining the realm…

Still unreachable

The connection could not be restored.

Session expired

The server has moved on; the page needs a fresh start.